 Dungeon Crawl Stone Soup version 0.22-a0-407-gb098539 (webtiles) character file.

42 dstrtnsr the Chopper (level 3, 0/33 HPs)
             Began as a Hill Orc Berserker on May 9, 2018.
             Was a Believer of Trog.
             Slain by a big kobold
             ... wielding a +0 dagger
              (5 damage)
             ... on level 3 of the Dungeon.
             The game lasted 00:01:31 (1189 turns).

dstrtnsr the Chopper (Hill Orc Berserker)           Turns: 1189, Time: 00:01:32

Health: 0/33       AC:  5    Str: 20    XL:     3   Next: 56%
Magic:  3/3        EV: 10    Int:  7    God:    Trog [**....]
Gold:   31         SH:  3    Dex: 10    Spells: 2/2 levels left

rFire    . . .     SeeInvis .   a - +0 hand axe
rCold    . . .     Gourm    .   i - +0 buckler
rNeg     . . .     Faith    .   d - +0 ring mail
rPois    .         Spirit   .   (no helmet)
rElec    .         Reflect  .   (no cloak)
rCorr    .         Harm     .   (no gloves)
MR       .....                  (no boots)
Stlth    ..........             (no amulet)
HPRegen  0.11/turn              (no ring)
MPRegen  0.08/turn              (no ring)

@: berserk cooldown, slowed, very slow
A: no striking features
a: Berserk, Trog's Hand, Renounce Religion


You were on level 3 of the Dungeon.
You worshipped Trog.
Trog was pleased with you.
You were very hungry.

You visited 1 branch of the dungeon, and saw 3 of its levels.

You collected 31 gold pieces.

Inventory:

Hand Weapons
 a - a +0 hand axe (weapon)
Armour
 d - a +0 ring mail (worn)
 i - a +0 buckler (worn)
Scrolls
 j - a scroll of blinking
Potions
 c - a potion of flight {unknown}
 g - 2 potions of heal wounds
 k - a potion of curing {unknown}
 m - a potion of agility {unknown}
Comestibles
 e - 3 rations {!d}


   Skills:
 + Level 4.2 Fighting
 * Level 5.4 Axes
 - Level 2.1 Armour
 - Level 1.5 Dodging


You had 2 spell levels left.
You didn't know any spells.

Dungeon Overview and Level Annotations

Branches:
Dungeon (3/15)

Altars:

Annotations:
D:3 Ijyb


Message History

You feel sick.
Key pressed, stopping explore.
You feel sick.
You feel sick.
You feel sick.
You are no longer poisoned.
Key pressed, stopping explore.
You feel yourself speed up.
Key pressed, stopping explore.
You recover from your berserk rage.
You are near starving!
You butcher the adder corpse.
b - a chunk of flesh Eating a chunk of flesh.
You eat the chunk of flesh.
This raw flesh tastes terrible.
You are feeling hungry.
Things that are here:
a club; a kobold corpse You now have 31 gold pieces (gained 9).
A big kobold comes into view. It is wielding a dagger.
The big kobold throws a stone.
The stone hits you but does no damage.
You see here a stone.
A big kobold is nearby!
A big kobold is nearby!
A big kobold is nearby!
A big kobold is nearby!
A big kobold is nearby!
Ijyb the Twisted Goblin comes into view.
She is wielding a club.
Ijyb shouts!
The big kobold throws a stone.
The stone hits you but does no damage.
Found a ration.
Found an escape hatch in the floor.
You see here a stone.
Ijyb zaps a wand.
The puff of flame hits you!
It is a wand of flame (22).
Found a ration.
A red film seems to cover your vision as you go berserk!
You feel yourself moving faster!
You feel mighty!
You are feeling very hungry.
The big kobold throws a stone.
The stone closely misses you.
You are too berserk!
You feel a strong urge to attack something.
The big kobold throws a stone.
The stone hits you.
You see here a stone.
The big kobold completely misses you.
You slash the big kobold!
The big kobold is moderately wounded.
The big kobold hits you but does no damage.
You hit the big kobold but do no damage.
The big kobold is moderately wounded.
You hit Ijyb.
You are no longer berserk.
You are exhausted.
You feel yourself slow down. Ijyb closely misses you.
You hit the big kobold but do no damage.
The big kobold is moderately wounded.
You barely miss Ijyb. The big kobold barely misses you.
Ijyb closely misses you.
The big kobold hits you but does no damage.
You hit the big kobold but do no damage.
The big kobold is moderately wounded.
You hit Ijyb but do no damage.
Ijyb zaps a wand.
The puff of flame hits you! The big kobold hits you with a dagger.
Ijyb screams, "Level is mine!
All mine!"
Ijyb hits you but does no damage.
You closely miss the big kobold.
The big kobold is moderately wounded.
You hit Ijyb but do no damage. The big kobold barely misses you.
Ijyb screams, "Me stronger than you!" You block Ijyb's attack.
You block the big kobold's attack.
You hit the big kobold.
The big kobold is heavily wounded.
You hit Ijyb but do no damage. Ijyb screams, "I dance on your bones!"
Ijyb zaps a wand.
The puff of flame hits you!
* * * LOW HITPOINT WARNING * * *
The big kobold closely misses you.
You are too injured to fight recklessly!
You are too injured to fight recklessly!
You are too injured to fight recklessly!
You slash Ijyb!
Ijyb is moderately wounded.
You barely miss the big kobold. Ijyb closely misses you.
The big kobold barely misses you.
The big kobold hits you but does no damage.
Ijyb misses you.
You hit Ijyb.
Ijyb is moderately wounded.
You hit the big kobold. The big kobold hits you with a dagger.
* * * LOW HITPOINT WARNING * * *
Ijyb hits you but does no damage.
You hit Ijyb but do no damage.
Ijyb is moderately wounded.
You hit the big kobold but do no damage.
You block the big kobold's attack. Ijyb hits you but does no damage.
The big kobold barely misses you.
You completely miss Ijyb.
Ijyb is moderately wounded.
You hit the big kobold. Ijyb hits you but does no damage.
The big kobold hits you but does no damage.
Ijyb hits you but does no damage. The big kobold hits you with a dagger.
You die...

#..........#
#..........#
#........%.#
#..........#
#..>.......#
#..........#
#.....K....#
#....@g....#
######
#...(......#
.....#
#####.########
.....# #..((.#
)....#####.###...#
####.......#
....'...
.........###
....####
...).....# .....#
.........# ##...#


You could see a big kobold and Ijyb.

Vanquished Creatures
  An adder (D:3)
  A dart slug (D:1)
  A leopard gecko (D:1)
  3 bats
  A giant cockroach (D:3)
  3 goblins
  2 hobgoblins (D:1)
  2 jackals (D:2)
  A quokka (D:2)
  5 frilled lizards
  6 kobolds
  5 rats
31 creatures vanquished.

Notes
Turn   | Place    | Note
-------+----------+-------------------------------------------
     0 | D:1      | dstrtnsr the Hill Orc Berserker began the quest for the Orb.
     0 | D:1      | Reached XP level 1. HP: 19/19 MP: 1/1
   241 | D:1      | Reached XP level 2. HP: 21/27 MP: 2/2
   654 | D:2      | Reached skill level 5 in Axes
   682 | D:2      | Reached XP level 3. HP: 33/33 MP: 3/3
   840 | D:3      | Reached ** piety under Trog
   864 | D:3      | HP: 13/33 [poisoned by a kobold]
   872 | D:3      | HP: 12/33 [poisoned by a kobold]
  1174 | D:3      | Noticed a big kobold
  1175 | D:3      | Noticed Ijyb
  1185 | D:3      | HP: 6/33 [Ijyb/wand of flame (21) (14)]
  1189 | D:3      | Slain by a big kobold

Vault maps used:
D:1:      dpeg_arrival_subterranean_lakeside_camping
D:2:      vehumet_crystals, serial_co_window_serial, co_window_paths_a,
          co_window_paths_a, co_window_of_opportunity_a, co_window_paths_a,
          co_window_corner_a, co_window_of_opportunity_a,
          co_window_of_opportunity_b, co_window_unsneaky_path_d,
          co_window_corner_ca, co_window_broadway_c, co_window_corner_cb,
          co_window_4corner_a, glass_columns_c, glass_columns_b,
          glass_columns_b, glass_columns_b, glass_columns_c,
          minmay_misc_feat_diagonals
D:3:      lemuel_doored_altar, first_ration, moated_statue, uniq_robin,
          uniq_ijyb, uniq_purgy

Skill      XL: |  1  2 |
---------------+-------+-----
Fighting       | 4 |  4.2
Axes           | 5 |  5.4
Armour         | |  2.1
Dodging        | |  1.5

Action                   || total
-------------------------++-------
Melee: Hand axe          ||   100
Invok: Berserk           ||     4
  Use: Scroll            ||     4
  Eat: Chunk             ||     3
Armor: Ring mail         ||    48
       Animal skin       ||     1
Dodge: Dodged            ||    68
Block: Buckler           ||     9

Table legend:
 A = Spawn XP
 B = Non-spawn XP
 C = Spawn XP percentage of total XP
 D = Spawn monster count
 E = Non-spawn monster count
 F = Spawn count percentage of total count
 G = Total turns spent on level
                    A         B        C        D         E        F      G
               +---------+---------+-------+---------+---------+-------+---------
         Total |       0 |      61 |   0.0 |       0 |      31 |   0.0 |  1189
               +---------+---------+-------+---------+---------+-------+---------
           D:1 |       0 |      25 |   0.0 |       0 |      14 |   0.0 |   584
           D:2 |       0 |      15 |   0.0 |       0 |      11 |   0.0 |   240
           D:3 |       0 |      21 |   0.0 |       0 |       6 |   0.0 |   365
               +---------+---------+-------+---------+---------+-------+---------
